AoeStats
← 渔场王家卫

Arena

510530456Analyzed
1v1 RM · 2d ago on Oct 1, 2026· 35m 37s· 2 players
Game mode
Random Map
Map size
Tiny (2 player)
Population
200
Speed
Normal
Resources
Standard
Victory
Conquest
Starting age
Dark Age
Ending age
Imperial Age
RankedLock teamsTeams togetherTeam positionsShared explorationLock speedFull tech treeHidden civsTurbo modeCheats
Victory
Defeat
🇩🇪 Cumans · Germany
972
+17
🇨🇳 Vikings · China
1004
-17
ansaro
7:06 Loom
9:09 Feudal Age
10:27 Double-Bit Axe
16:00 Scale Barding Armor
17:51 Bloodlines
19:13 Forging
26:16 Castle Age
25:03 Horse Collar
25:15 Gold Mining
26:58 Wheelbarrow
26:11 Town Watch
28:02 Bow Saw
28:32 Heavy Plow
32:41 Iron Casting
33:45 Chain Barding Armor
渔场王家卫
11:18 Feudal Age
15:21 Castle Age
13:33 Horse Collar
13:47 Double-Bit Axe
14:41 Loom
16:28 Bow Saw
18:26 Heavy Plow
27:40 Gold Mining
30:09 Squires
33:41 Man-at-Arms
34:44 Scale Mail Armor
34:56 Forging
Connection lost

Rejoining the realm…

Still unreachable

The connection could not be restored.

Session expired

The server has moved on; the page needs a fresh start.